 Dungeon Crawl Stone Soup version 0.20.0-10-g0535bb4 (webtiles) character file.

868 vatarom the Zephyrmancer (level 8, 0/41 HPs)
             Began as a Tengu Air Elementalist on June 4, 2017.
             Was an Initiate of Sif Muna.
             Slain by a centaur (6 damage)
             ... on level 5 of the Dungeon.
             The game lasted 00:16:21 (4851 turns).

vatarom the Zephyrmancer (Tengu Air Elementalist)   Turns: 4851, Time: 00:16:22

Health: 0/41       AC:  4    Str:  9    XL:     8   Next: 3%
Magic:  0/12       EV: 13    Int: 17    God:    Sif Muna [......]
Gold:   174        SH:  0    Dex: 15    Spells: 1/11 levels left

rFire    . . .     SeeInvis .   m - +0 halberd (flame)
rCold    . . .     Gourm    .   (shield currently unavailable)
rNeg     . . .     Faith    .   a - +0 robe
rPois    .         Spirit   .   (helmet restricted)
rElec    .         Reflect  .   i - +0 cloak
rCorr    .         Harm     .   e - +0 pair of gloves
MR       .....                  (boots unavailable)
Stlth    ++........             k - amulet of magic regeneration
Regen    0.2/turn               (no ring)
MPRegen  0.2/turn               (no ring)

@: no status effects
A: beak, talons 3, able to fly 1
a: Fly, Renounce Religion


You were on level 5 of the Dungeon.
You worshipped Sif Muna.
Sif Muna was noncommittal.
You were not hungry.

You visited 2 branches of the dungeon, and saw 6 of its levels.

You collected 174 gold pieces.

Inventory:

Hand Weapons
 m - a +0 halberd of flaming (weapon)
Armour
 a - a +0 robe (worn)
 e - a +0 pair of gloves (worn)
 i - a +0 cloak (worn)
Jewellery
 g - an uncursed amulet of faith
 k - an amulet of magic regeneration (around neck)
Scrolls
 h - a scroll of identify
 l - a scroll of remove curse
 n - 2 scrolls of amnesia
 p - a scroll of enchant armour
Books
 b - a book of Air

   Spells                             Type                      Level
   a - Shock                          Conjuration/Air              1
   b - Swiftness                      Charms/Air                   2
   c - Static Discharge               Conjuration/Air              3
   d - Airstrike                      Air                          4
   e - Lightning Bolt                 Conjuration/Air              5
 q - a book of Conjurations

   Spells                             Type                      Level
   a - Magic Dart                     Conjuration                  1
   b - Searing Ray                    Conjuration                  2
   c - Dazzling Spray                 Conjuration/Hexes            3
   d - Fulminant Prism                Conjuration/Hexes            4
   e - Force Lance                    Conjuration/Translocation    4
   f - Iskenderun's Mystic Blast      Conjuration                  4
Comestibles
 c - a chunk of flesh
 d - 3 meat rations
 j - 2 royal jellies
 o - 3 fruits


   Skills:
 - Level 2.1 Dodging
 - Level 2.0 Stealth
 - Level 2.0 Spellcasting
 + Level 7.7 Conjurations
 * Level 9.4 Air Magic


You had one spell level left.
You knew the following spells:

 Your Spells              Type           Power        Failure   Level  Hunger
a - Shock                 Conj/Air       ####         1%          1    #......
b - Static Discharge      Conj/Air       ####....     1%          3    ###....
c - Swiftness             Chrm/Air       ###.....     4%          2    ###....
d - Airstrike             Air            ####......   4%          4    #####..


Dungeon Overview and Level Annotations

Branches:
Dungeon (4/15)             Temple (1/1) D:4

Altars:
Elyvilon
Gozag
Kikubaaqudgha
Makhleb
Okawaru
Qazlal
Ru
Sif Muna
Trog
Vehumet
Zin


Innate Abilities, Weirdness & Mutations

You have a beak for a mouth.
You have claws for feet.
You can fly.


Message History

Casting: Shock
Confirm with . or Enter, or press ? or * to list all spells.
Aiming: Shock
Press: ? - help, Shift-Dir - straight line, f/p - centaur
Aim: a centaur (moderately wounded)
The zap hits the centaur.
The centaur is heavily wounded.
The centaur barely misses you. The adder bites you but does no damage.
Casting: Shock
Confirm with . or Enter, or press ? or * to list all spells.
Aiming: Shock
Press: ? - help, Shift-Dir - straight line, f/p - centaur
Aim: a centaur (heavily wounded)
The zap hits the centaur.
The centaur is heavily wounded.
The centaur hits you but does no damage.
The adder bites you.
* * * LOW HITPOINT WARNING * * *
The centaur hits you.
You die...

############.#
##.....##.....##.
##......?....(....
#................#
#................#
#................#
#....((....S......
#......(..@c......
#.................
##................
##.....##......##
#########.###..#
.# .# .# # .#


You could see a centaur and an adder.

Vanquished Creatures
  A hungry ghost (D:4)
  Duvessa (D:4)
  A bullfrog (D:3)
  Dowan (D:4)
  A scorpion (D:4)
  A crimson imp (D:5)
  An orc priest (D:3)
  3 orc wizards
  Jessica (D:3)
  3 worker ants
  The ghost of maniacrov the Sneak, a weakling SpAs (D:3)
  4 adders
  8 gnolls
  An ooze (D:1)
  2 worms
  3 leopard geckos
  12 orcs
  A ball python (D:1)
  3 bats
  13 giant cockroaches
  6 goblins
  8 hobgoblins
  8 kobolds
  6 frilled lizards
  3 rats
93 creatures vanquished.

Notes
Turn   | Place    | Note
-------+----------+-------------------------------------------
     0 | D:1      | vatarom the Tengu Air Elementalist began the quest for the Orb.
     0 | D:1      | Reached XP level 1. HP: 10/10 MP: 4/4
   219 | D:1      | Reached XP level 2. HP: 15/15 MP: 0/6
   607 | D:1      | Reached XP level 3. HP: 5/19 MP: 0/7
  1500 | D:2      | Reached XP level 4. HP: 24/24 MP: 1/8
  1568 | D:2      | Reached skill level 5 in Air Magic
  2222 | D:3      | Noticed maniacrov's ghost (weakling SpAs)
  2243 | D:3      | Killed maniacrov's ghost
  2350 | D:3      | Learned a level 3 spell: Static Discharge
  2353 | D:3      | Learned a level 2 spell: Swiftness
  2566 | D:3      | Reached skill level 5 in Conjurations
  2566 | D:3      | Gained mutation: You can fly. [Tengu growth]
  2566 | D:3      | Reached XP level 5. HP: 15/28 MP: 0/9
  2702 | D:3      | Noticed Jessica
  2704 | D:3      | Killed Jessica
  2931 | D:3      | Reached skill level 6 in Air Magic
  2931 | D:3      | Reached XP level 6. HP: 32/32 MP: 5/10
  3775 | D:3      | Reached skill level 7 in Air Magic
  3961 | D:4      | Noticed a hungry ghost
  3986 | D:4      | Killed a hungry ghost
  3986 | D:4      | Reached XP level 7. HP: 22/36 MP: 2/11
  4039 | D:4      | Learned a level 4 spell: Airstrike
  4155 | D:4      | Reached skill level 8 in Air Magic
  4280 | D:4      | Noticed Duvessa
  4288 | D:4      | Killed Duvessa
  4405 | D:4      | Noticed Dowan
  4428 | D:4      | Killed Dowan
  4428 | D:4      | Reached skill level 9 in Air Magic
  4509 | D:4      | Found a staircase to the Ecumenical Temple.
  4519 | Temple   | Entered the Ecumenical Temple
  4561 | Temple   | Became a worshipper of Sif Muna the Loreminder
  4825 | D:4      | You fall through a shaft!
  4825 | D:5      | Entered Level 5 of the Dungeon
  4841 | D:5      | Reached XP level 8. HP: 41/41 MP: 1/12
  4851 | D:5      | Slain by a centaur

Skill      XL: |  1  2  3  4  5  6  7 |
---------------+----------------------+-----
Conjurations   | 2 3 4 5 6 7 |  7.7
Air Magic      | 5 6 7 9 |  9.4
Dodging        | |  2.1
Stealth        | |  2.0
Spellcasting   | |  2.0

Action                   |  1- 3 |  4- 6 |  7- 9 || total
-------------------------+-------+-------+-------++-------
Melee: Dagger            |    15 |       |       ||    15
       Unarmed           |     6 |       |       ||     6
       Kick              |     7 |     9 |       ||    16
       Peck              |     3 |     5 |       ||     8
       Whip              |     4 |    22 |       ||    26
       Halberd           |       |    21 |     4 ||    25
 Cast: Shock             |    52 |    97 |    38 ||   187
       Static Discharge  |       |    10 |     7 ||    17
       Swiftness         |       |     1 |       ||     1
       Airstrike         |       |       |     2 ||     2
  Use: Scroll            |     2 |     2 |     3 ||     7
       Potion            |     1 |     2 |     1 ||     4
  Eat: Bread ration      |     1 |     3 |       ||     4
       Chunk             |       |     3 |     4 ||     7
       Meat ration       |       |     1 |       ||     1
Armor: Skin              |    14 |       |       ||    14
       Robe              |     5 |    19 |     8 ||    32
Dodge: Dodged            |    18 |    36 |    13 ||    67
